 Dungeon Sprint DCSS version 0.17-a0-1651-gae1a69f (webtiles) character file.

5960 Kidiri the Unseen (level 10, -2/44 HPs)
             Began as a Spriggan Enchanter on Aug 14, 2015.
             Was the Champion of Dithmenos.
             Slain by a komodo dragon (17 damage)
             ... in the Dungeon (Sprint III: "The Ten Rune Challenge").
             The game lasted 00:07:58 (1994 turns).

Kidiri the Unseen (Spriggan Enchanter)              Turns: 1994, Time: 00:07:58

Health: -2/44      AC:  4    Str:  4    XL:     10   Next: 54%
Magic:  22/28      EV: 32    Int: 18    God:    Dithmenos [******]
Gold:   50         SH:  0    Dex: 19    Spells: 8 memorised, 3 levels left

rFire  . . .     SeeInvis +     a - +1 dagger
rCold  . . .     Clarity  .     b - +1 robe
rNeg   . . .     SustAt   .     (shield restricted)
rPois  .         Gourm    .     (helmet restricted)
rElec  .         Spirit   .     k - +0 cloak
rCorr  .         Warding  .     (gloves unavailable)
rMut   .         NoTele   +     (boots unavailable)
MR     +....                    (no amulet)
Stlth  +++++++...               (no ring)
                                (no ring)

@: wreathed by umbra, very quick, somewhat resistant to hostile enchantments,
extremely stealthy
A: unfitting armour, see invisible, herbivore 3, speed 3, slow metabolism 2
a: Shadow Step, Shadow Form, Renounce Religion


You were in the Dungeon.
You worshipped Dithmenos.
Dithmenos was exalted by your worship.
You were full.

You visited 1 branch You collected 50 gold pieces.

Inventory:

Hand weapons
 a - a +1 dagger (weapon)
Armour
 b - a +1 robe (worn)
 k - a +0 cloak (worn)
Scrolls
 j - a scroll of blinking
 n - a scroll of holy word
 o - a scroll of enchant weapon {unknown}
 p - 2 scrolls of remove curse
 t - a scroll of immolation {unknown}
Potions
 e - 3 potions of curing
 f - a potion of berserk rage
 g - a potion of haste
 h - a potion of magic
 i - a potion of might
 r - 3 potions of cure mutation
 s - 2 potions of flight
Books
 c - a book of the Dragon

   Spells                             Type                      Level
   a - Flame Tongue                   Conjuration/Fire             1
   b - Cause Fear                     Hexes                        4
   c - Bolt of Fire                   Conjuration/Fire             6
   d - Dragon Form                    Transmutation                7
   e - Dragon's Call                  Summoning                    9
Comestibles
 q - 29 royal jellies


   Skills:
 + Level 8.7 Short Blades
 * Level 15.4 Dodging
 * Level 16.9 Stealth
 * Level 13.0 Spellcasting
 + Level 5.6 Conjurations
 + Level 10.2 Hexes
 + Level 2.1 Summonings
 + Level 6.4 Transmutations
 + Level 6.1 Ice Magic
 - Level 3.4 Invocations


You had 3 spell levels left.
You knew the following spells:

 Your Spells              Type           Power        Failure   Level  Hunger
a - Corona                Hex            #####..      1%          1    None
b - Ensorcelled Hibernat  Hex/Ice        #####.       1%          2    None
c - Confuse               Hex            #####...     1%          3    None
d - Tukima's Dance        Hex            #####...     1%          3    None
e - Dazzling Spray        Conj/Hex       #####...     1%          3    None
f - Cause Fear            Hex            #####.....   1%          4    #......
g - Dragon Form           Trmt           ####......   100%        7    #######
h - Dragon's Call         Summ           ###.......   100%        9    #######


Dungeon Overview and Level Annotations

Branches:
Dungeon (1/1)

Altars:
Cheibriados
Dithmenos
Elyvilon
Fedhas
Gozag
Kikubaaqudgha
Makhleb
Nemelex Xobeh
Okawaru
Qazlal
Ru
Sif Muna
Trog
Vehumet
Xom
Yredelemnul
Zin
The Shining One
Jiyva
Lugonu


Innate Abilities, Weirdness & Mutations

You are tiny and cannot use many weapons and most armour.
You have supernaturally acute eyesight.
You are a herbivore.
You cover ground extremely quickly.
You need consume almost no food.


Message History

Aiming: Ensorcelled Hibernation
Press: ? - help, Shift-Dir - straight line, f - spiny frog
Aim: a spiny frog (black smoke, umbra, chance to defeat MR: 67%)
The spiny frog looks drowsy...
The helpless spiny frog fails to defend itself.
You spit the spiny frog like a pig!!!!
You kill the spiny frog!
Dithmenos accepts your kill.
Your Spellcasting skill increases to level 13!
Casting: Ensorcelled Hibernation
Confirm with . or Enter, or press ? or * to list all spells.
Aiming: Ensorcelled Hibernation
Press: ? - help, Shift-Dir - straight line, f - komodo dragon
Aim: a komodo dragon (black smoke, umbra, chance to defeat MR: 50%)
The komodo dragon resists with some effort.
The komodo dragon completely misses you.
You hit the komodo dragon.
The komodo dragon is lightly wounded.
The komodo dragon bites you!
You die...

..###...'.⌠........#.#
.####...#...######'#$#
.###....#.⌠.#_v#...#+############
.##.....#...#__#...#..≈≈≈'.#.'...
.#......#+###__#...#.#§§§#.#.#...
#.#.....#.))#__#...'§#.§§#.#.#)..
####....#___#_.+...#.#§§§#...#)).
▓▓▓▓▓▓▓▓▓▓▓▓▓▓▓▓▓▓▓▓▓▓▓▓▓▓▓▓▓▓
♣♣@≈≈........≈≈≈...
+♣♣l♣≈≈≈≈≈≈≈≈≈≈≈≈♣♣P.
#§§♣♣♣♣♣♣♣♣♣♣♣♣♣♣♣♣PP #l§♣ ♣♣♣
###+


You could see a komodo dragon.

Vanquished Creatures
  A centaur warrior (D)
  Erica (D)
  An unseen horror (D)
  2 spiny frogs (D)
  A queen bee (D)
  A deep elf priest (D)
  3 wandering mushrooms (D)
  A shadow (D)
  A spatial vortex (D)
  A necrophage (D)
  2 centaurs (D)
  An earth elemental (D)
  A water elemental (D)
  32 killer bees (D)
  A wizard (D)
  Crazy Yiuf (D)
  A jelly (D)
  A necromancer (D)
  A kobold demonologist (D)
  3 humans (D)
  4 rats (D)
61 creatures vanquished.

Vanquished Creatures (others)
  2 draconian scorchers (D)
  Nessos (D)
  A hydra (D)
  2 yaktaurs (D)
  5 plants (D)
11 creatures vanquished.

Grand Total: 72 creatures vanquished

Notes
Turn   | Place    | Note
--------------------------------------------------------------
     0 | D        | Kidiri the Spriggan Enchanter began the quest for the Orb.
     0 | D        | Reached XP level 1. HP: 9/9 MP: 5/5
    45 | D        | Reached skill level 5 in Stealth
    51 | D        | Noticed Crazy Yiuf
    54 | D        | Killed Crazy Yiuf
    54 | D        | Reached skill level 5 in Dodging
    54 | D        | Reached skill level 6 in Stealth
    54 | D        | Reached XP level 2. HP: 13/13 MP: 6/8
    54 | D        | Reached XP level 3. HP: 16/16 MP: 6/9
    62 | D        | Learned a level 2 spell: Ensorcelled Hibernation
    80 | D        | Learned a level 3 spell: Confuse
    84 | D        | Reached skill level 7 in Stealth
    92 | D        | Learned a level 3 spell: Tukima's Dance
    95 | D        | Killed a yaktaur
   165 | D        | Killed a white draconian scorcher
   175 | D        | Killed a white draconian scorcher
   245 | D        | Gained mutation: You are dopey. (Int -2) [potion of mutation]
   245 | D        | Gained mutation: Your spells are a little harder to cast, but a little more powerful. [potion of mutation]
   245 | D        | Gained mutation: Your muscles are strong. (Str +2) [potion of mutation]
   246 | D        | Gained mutation: Your skin changes colour to match your surroundings (Stealth). [potion of mutation]
   246 | D        | Gained mutation: You are frail (-10% HP). [potion of mutation]
   246 | D        | Lost mutation: Your spells are a little harder to cast, but a little more powerful. [potion of mutation]
   247 | D        | Lost mutation: You are frail (-10% HP). [potion of cure mutation]
   247 | D        | Lost mutation: Your muscles are strong. (Str +2) [potion of cure mutation]
   247 | D        | Lost mutation: You are dopey. (Int -2) [potion of cure mutation]
   247 | D        | Lost mutation: Your skin changes colour to match your surroundings (Stealth). [potion of cure mutation]
   290 | D        | Noticed a water elemental
   293 | D        | Killed a water elemental
   293 | D        | Reached skill level 8 in Stealth
   293 | D        | Reached skill level 5 in Spellcasting
   293 | D        | Reached skill level 5 in Hexes
   293 | D        | Reached skill level 1 in Ice Magic
   293 | D        | Reached XP level 4. HP: 21/21 MP: 10/12
   298 | D        | Learned a level 3 spell: Dazzling Spray
   323 | D        | Noticed a jelly
   324 | D        | Noticed a shadow
   329 | D        | Killed a jelly
   370 | D        | Killed a shadow
   370 | D        | Reached skill level 10 in Stealth
   370 | D        | Reached skill level 1 in Conjurations
   370 | D        | Reached XP level 5. HP: 24/24 MP: 0/16
   370 | D        | Reached XP level 6. HP: 28/28 MP: 0/17
   467 | D        | Killed a five-headed hydra
   504 | D        | Found a stormy altar of Qazlal.
   505 | D        | Found a sacrificial altar of Ru.
   505 | D        | Found a burning altar of Makhleb.
   505 | D        | Found a viscous altar of Jiyva.
   505 | D        | Found a shimmering altar of Xom.
   505 | D        | Found a shadowy altar of Dithmenos.
   505 | D        | Found a sparkling altar of Nemelex Xobeh.
   505 | D        | Found a corrupted altar of Lugonu.
   505 | D        | Found an opulent altar of Gozag.
   505 | D        | Noticed a spatial vortex
   509 | D        | Became a worshipper of Dithmenos the Shadowed
   862 | D        | Killed a spatial vortex
   862 | D        | Reached skill level 5 in Short Blades
   862 | D        | Reached skill level 11 in Stealth
   862 | D        | Reached skill level 1 in Invocations
  1035 | D        | Found a radiant altar of Vehumet.
  1036 | D        | Found a deep blue altar of Sif Muna.
  1036 | D        | Found an ancient bone altar of Kikubaaqudgha.
  1036 | D        | Noticed a wizard
  1037 | D        | Killed a wizard
  1039 | D        | Reached skill level 10 in Dodging
  1051 | D        | Learned a level 4 spell: Cause Fear
  1107 | D        | Found a glowing silver altar of Zin.
  1108 | D        | Found a glowing golden altar of the Shining One.
  1108 | D        | Found a white marble altar of Elyvilon.
  1108 | D        | Noticed a deep elf priest
  1110 | D        | Killed a deep elf priest
  1110 | D        | Reached XP level 7. HP: 32/32 MP: 18/20
  1122 | D        | Found an iron altar of Okawaru.
  1123 | D        | Found a bloodstained altar of Trog.
  1123 | D        | Noticed a human
  1123 | D        | Noticed a human
  1126 | D        | Killed a human
  1126 | D        | Reached skill level 12 in Stealth
  1127 | D        | Killed a human
  1141 | D        | Killed a yaktaur
  1143 | D        | Found a snail-covered altar of Cheibriados.
  1143 | D        | Noticed a necrophage
  1144 | D        | Found a basalt altar of Yredelemnul.
  1144 | D        | Found a blossoming altar of Fedhas.
  1144 | D        | Noticed a necromancer
  1145 | D        | Killed a necrophage
  1145 | D        | Reached XP level 8. HP: 36/36 MP: 22/22
  1146 | D        | Killed a necromancer
  1146 | D        | Acquired Dithmenos's first power
  1173 | D        | Noticed Erica
  1178 | D        | Killed Erica
  1178 | D        | Reached skill level 13 in Stealth
  1178 | D        | Reached skill level 10 in Spellcasting
  1186 | D        | Noticed an earth elemental
  1189 | D        | Killed an earth elemental
  1200 | D        | Learned a level 7 spell: Dragon Form
  1202 | D        | Noticed a centaur
  1202 | D        | Noticed a centaur warrior
  1202 | D        | Noticed a centaur
  1204 | D        | Killed a centaur
  1204 | D        | Reached skill level 14 in Stealth
  1206 | D        | Killed a centaur warrior
  1206 | D        | Acquired Dithmenos's second power
  1206 | D        | Reached skill level 5 in Ice Magic
  1206 | D        | Reached XP level 9. HP: 39/39 MP: 23/25
  1207 | D        | Killed a centaur
  1292 | D        | Noticed an unseen horror
  1294 | D        | Killed an unseen horror
  1294 | D        | Reached skill level 15 in Stealth
  1304 | D        | Noticed a killer bee
  1304 | D        | Noticed a killer bee
  1304 | D        | Noticed a killer bee
  1304 | D        | Noticed a killer bee
  1304 | D        | Noticed a killer bee
  1304 | D        | Noticed a killer bee
  1304 | D        | Noticed a killer bee
  1304 | D        | Noticed a killer bee
  1304 | D        | Noticed a killer bee
  1304 | D        | Noticed a killer bee
  1304 | D        | Noticed a killer bee
  1304 | D        | Noticed a killer bee
  1304 | D        | Noticed a killer bee
  1304 | D        | Noticed a killer bee
  1304 | D        | Noticed a killer bee
  1305 | D        | Noticed a killer bee
  1305 | D        | Noticed a queen bee
  1305 | D        | Noticed a killer bee
  1305 | D        | Noticed a killer bee
  1305 | D        | Noticed a killer bee
  1305 | D        | Noticed a killer bee
  1305 | D        | Noticed a killer bee
  1305 | D        | Noticed a killer bee
  1305 | D        | Noticed a killer bee
  1305 | D        | Noticed a killer bee
  1305 | D        | Noticed a killer bee
  1305 | D        | Noticed a killer bee
  1305 | D        | Noticed a killer bee
  1305 | D        | Noticed a killer bee
  1305 | D        | Noticed a killer bee
  1305 | D        | Noticed a killer bee
  1305 | D        | Noticed a killer bee
  1305 | D        | Noticed a killer bee
  1309 | D        | Killed a killer bee
  1312 | D        | Killed a killer bee
  1314 | D        | Killed a killer bee
  1314 | D        | Acquired Dithmenos's third power
  1318 | D        | Killed a killer bee
  1322 | D        | Killed a killer bee
  1325 | D        | Killed a killer bee
  1327 | D        | Killed a killer bee
  1329 | D        | Killed a killer bee
  1331 | D        | Killed a killer bee
  1331 | D        | Acquired Dithmenos's fourth power
  1333 | D        | Killed a killer bee
  1346 | D        | Killed a killer bee
  1373 | D        | Killed a killer bee
  1401 | D        | Killed Nessos
  1580 | D        | Killed a killer bee
  1584 | D        | Killed a killer bee
  1584 | D        | Reached skill level 5 in Conjurations
  1586 | D        | Killed a killer bee
  1590 | D        | Killed a killer bee
  1592 | D        | Killed a killer bee
  1594 | D        | Killed a killer bee
  1594 | D        | Reached XP level 10. HP: 44/44 MP: 14/27
  1598 | D        | Killed a killer bee
  1602 | D        | Killed a killer bee
  1602 | D        | Reached skill level 5 in Transmutations
  1604 | D        | Killed a killer bee
  1608 | D        | Killed a killer bee
  1608 | D        | Reached skill level 16 in Stealth
  1610 | D        | Killed a killer bee
  1633 | D        | Killed a killer bee
  1782 | D        | Learned a level 9 spell: Dragon's Call
  1784 | D        | Killed a killer bee
  1785 | D        | Killed a killer bee
  1786 | D        | Killed a killer bee
  1790 | D        | Killed a killer bee
  1796 | D        | Killed a killer bee
  1799 | D        | Killed a killer bee
  1801 | D        | Killed a killer bee
  1803 | D        | Killed a killer bee
  1803 | D        | Reached skill level 1 in Summonings
  1805 | D        | Killed a queen bee
  1805 | D        | Reached skill level 15 in Dodging
  1939 | D        | Noticed a wandering mushroom
  1940 | D        | Noticed a wandering mushroom
  1940 | D        | Noticed a wandering mushroom
  1941 | D        | Killed a wandering mushroom
  1941 | D        | Reached skill level 10 in Hexes
  1943 | D        | Killed a wandering mushroom
  1944 | D        | Killed a wandering mushroom
  1982 | D        | Noticed a spiny frog
  1982 | D        | Noticed a komodo dragon
  1982 | D        | Noticed a spiny frog
  1990 | D        | Killed a spiny frog
  1992 | D        | Killed a spiny frog
  1994 | D        | Slain by a komodo dragon

Vault maps used:
D:        dungeon_sprint_mu

Action                   |  1- 3 |  4- 6 |  7- 9 | 10-12 || total
-------------------------+-------+-------+-------+-------++-------
Melee: Dagger            |    13 |    25 |    74 |    56 ||   168
 Cast: Ensorcelled Hiber |     3 |       |    25 |    17 ||    45
       Dazzling Spray    |       |    12 |       |     3 ||    15
Invok: Shadow Step       |       |       |       |     2 ||     2
  Use: Potion            |     3 |     3 |       |       ||     6
       Scroll            |     2 |       |       |       ||     2
 Stab: Sleeping          |     5 |     4 |    26 |    15 ||    50
       Invisible         |       |       |       |     1 ||     1
  Eat: Bread ration      |       |       |       |     1 ||     1
